AoeStats
← WiTcH_DocTaH_88

Arena

506182153Analyzed
4v4 RM · 21d ago on Sep 12, 2026· 26m 4s· 8 players
Game mode
Random Map
Map size
Large (8 player)
Population
200
Speed
Normal
Resources
Standard
Victory
Conquest
Starting age
Dark Age
Ending age
Imperial Age
RankedLock teamsTeams togetherTeam positionsShared explorationLock speedFull tech treeHidden civsTurbo modeCheats
Victory
Defeat
🇨🇷 Bulgarians · Costa Rica
1260
+15
🇨🇴 Magyars · Colombia
1245
+15
🇨🇴 Romans · Colombia
1209
+17
🇺🇸 Ethiopians · United States
1181
+18
🇨🇭 Ethiopians · Switzerland
1284
-19
🇿🇦 Japanese · South Africa
1221
-16
🇪🇸 Burgundians · Spain
1202
-15
🇺🇸 Turks · United States
1189
-15
PcklRck
9:52 Loom
12:28 Feudal Age
13:45 Loom
17:18 Castle Age
diegosbrocca
9:59 Feudal Age
10:13 Double-Bit Axe
13:27 Loom
16:27 Castle Age
16:44 Light Cavalry
19:21 Gold Mining
19:56 Cavalier
21:58 Wheelbarrow
WiTcH_DocTaH_88
10:50 Feudal Age
9:36 Loom
15:27 Castle Age
15:03 Double-Bit Axe
15:47 Gold Mining
16:25 Stone Mining
16:47 Bow Saw
18:23 Fletching
21:23 Crossbowman
Zenar
5:19 Loom
13:38 Feudal Age
17:39 Castle Age
16:01 Horse Collar
16:07 Double-Bit Axe
20:07 Wheelbarrow
19:48 Bow Saw
[ATARB] Abel (cascos)
3:40 Loom
6:41 Loom
8:49 Feudal Age
9:19 Double-Bit Axe
15:35 Scale Barding Armor
18:35 Bloodlines
21:57 Wheelbarrow
22:09 Scale Mail Armor
[ATARB] ExDic Nicolas Maduro
9:37 Feudal Age
14:27 Castle Age
12:53 Double-Bit Axe
13:14 Horse Collar
18:21 Gold Mining
19:15 Crossbowman
19:51 Loom
21:10 Fletching
24:46 Padded Archer Armor
TVHG - Harold Barón
9:14 Feudal Age
13:13 Castle Age
12:07 Double-Bit Axe
14:15 Loom
25:00 Wheelbarrow
26:38 Bow Saw
26:10 Horse Collar
seantairs
10:02 Feudal Age
15:12 Castle Age
14:15 Double-Bit Axe
15:06 Horse Collar
17:48 Bow Saw
17:58 Loom
18:55 Scale Mail Armor
21:05 Gambesons
22:20 Chain Mail Armor
22:46 Squires
23:43 Forging
Connection lost

Rejoining the realm…

Still unreachable

The connection could not be restored.

Session expired

The server has moved on; the page needs a fresh start.